 Dungeon Crawl Stone Soup version 0.29-a0-923-g6e406bff71 (webtiles) character file.

Game seed: 2172266547458384897

138 Caestello the Magician (level 5, -3/37 HPs)
             Began as a Djinni Air Elementalist on July 27, 2022.
             Slain by an orc
             ... wielding a +0 hand axe
              (4 damage)
             ... on level 4 of the Dungeon.
             The game lasted 00:09:13 (4893 turns).

Caestello the Magician (Djinni Air Elementalist)    Turns: 4893, Time: 00:09:13

Health: -3/37      AC:  1    Str:  4 (7)  XL:     5   Next: 45%
Gold:   164        EV: 12    Int: 18 (19) God:
                   SH:  0    Dex: 12 (13)

rFire   + + .      SeeInvis .   l - +0 dagger (venom)
rCold   x . .      Faith    .   (no shield)
rNeg    . . .      Spirit   .   a - +0 robe
rPois   ∞          Reflect  .   (no helmet)
rElec   .          Harm     .   (no cloak)
rCorr   .          Rampage  .   (no gloves)
Will    .....                   (boots unavailable)
Stlth   ++........              (no amulet)
HPRegen 0.12/turn               (no ring)
MPRegen 0.00/turn               (no ring)

@: about to teleport, flying
A: sickness immunity, fire resistance 2, cold vulnerability 1, float, innate
caster, HP casting, extra vitality 1, deformed body, mutation resistance 1
a: no special abilities


You were on level 4 of the Dungeon.
You visited 1 branch of the dungeon, and saw 4 of its levels.

You collected 164 gold pieces.

Inventory:

Hand Weapons
 b - a +0 spear
 f - a +0 short sword
 l - a +0 dagger of venom (weapon)
 r - a +0 spectral quarterstaff
Armour
 a - a +0 robe (worn)
 o - the +1 ring mail of the Demon Prince {Harm}
   (You found it on level 2 of the Dungeon)

   Harm:      It increases damage dealt and taken.
Scrolls
 c - 2 scrolls of identify
 e - a scroll of teleportation
 g - a scroll of acquirement {unknown}
 h - 3 scrolls of vulnerability {unknown}
 i - a scroll of torment {unknown}
 j - a scroll of blinking {unknown}
 n - a scroll of fog {unknown}
 s - a scroll of immolation {unknown}
 t - a scroll of noise {unknown}
 u - a scroll of brand weapon {unknown}
Potions
 p - a potion of cancellation


   Skills:
 + Level 1.1 Fighting
 + Level 0.6 Short Blades
 + Level 2.9 Dodging
 + Level 2.2 Stealth
 * Level 3.6 Spellcasting


You couldn't memorise any spells.
You knew the following spells:

 Your Spells              Type           Power      Damage    Failure   Level
a - Shock                 Conj/Air       64%        1d7       3%          1
b - Static Discharge      Conj/Air       16%        3-5/arc   4%          2
c - Swiftness             Air            16%        N/A       10%         3
d - Airstrike             Air            8%         0-4+      32%         4
e - Foxfire               Conj/Fire      64%        2x1d7     3%          1
f - Call Imp              Summ           16%        N/A       4%          2
Your spell library was empty.

Dungeon Overview and Level Annotations

Branches:
Dungeon (4/15)
 Temple: D:4-7

Altars:
Dithmenos
Zin

Shops:
D:4 *

Annotations:
D:4 Dowan, Duvessa


Innate Abilities, Weirdness & Mutations

You are immune to sickness and miasma.
You are immune to poison.
Your flesh is very heat resistant. (rF++)
You are vulnerable to cold. (rC-)
You float through the air rather than walking.
You learn spells naturally, not from books.
Your magical power is your life essence.
You have superior vitality. (+4 MHP)
Armour fits poorly on your strangely shaped body.
You are somewhat resistant to further mutation.


Message History

The orc priest hits you with a +0 flail.
You barely miss the orc priest.
The orc priest is severely wounded.
An orc comes into view. It is wielding a +0 short sword.
The orc completely misses you. The orc priest misses you.
The orc shouts!
You hit the orc priest but do no damage.
The orc priest is severely wounded.
The orc hits you with a +0 hand axe.
The orc priest hits you with a +0 flail!
* * * LOW HITPOINT WARNING * * *
The orc attacks as you move away! The orc hits you with a +0 hand axe.
* * * LOW HITPOINT WARNING * * *
It was a potion of haste.
You feel yourself speed up. The orc barely misses you.
It was a potion of magic.
Magic washes over you without effect.
You kill the orc priest!
It was a potion of might.
You feel very mighty all of a sudden.
It was a potion of cancellation.
Your magical effects are unravelling.
You feel magically purged.
You feel yourself slow down.
You feel a little less mighty now.
It was a potion of mutation.
You feel extremely strange.
Your body twists and deforms.
You feel genetically stable.
A black bear comes into view.
The orc hits you but does no damage.
Okay, then.
It was a potion of degeneration.
There was something very wrong with that liquid.
You feel weakened.
You feel dopey.
You feel clumsy. The orc closely misses you.
As you read the scroll labelled GIRAQOU GAPTE, it crumbles to dust.
It is a scroll of identify.
e - 2 scrolls of teleportation The orc hits you with a +0 hand axe.
* * * LOW HITPOINT WARNING * * *
As you read the scroll of teleportation, it crumbles to dust.
You feel strangely unstable. The orc hits you with a +0 hand axe.
You die...

#.# #.. .# #.# #.. #.# #.#
#.# #.# #.# ### ##.# #..
#.# ##.. .o#
####.####.###... #.#
..........##...∩
#<##o######....#.##....
♣...oo@................
...[h#########....###...#_
#♣# ########.#.## #..##⌠
.........#.# #...##
##########.# ###... #.#
#### #.# #.# #.#


You could see a black bear (wandering) and 3 orcs.

Vanquished Creatures
  An orc priest (D:4)
  An iguana (D:4)
  An adder (D:2)
  2 worms (D:2)
  4 dart slugs
  6 bats
  3 endoplasms
  2 giant cockroaches
  7 goblins
  6 hobgoblins
  10 kobolds
  4 quokkas
  2 ball pythons
  6 frilled lizards
  5 rats
60 creatures vanquished.

Vanquished Creatures (others)
  A bush (D:4)
  5 foxfires (D:4)
6 creatures vanquished.

Grand Total: 66 creatures vanquished

Notes
Turn   | Place    | Note
-------+----------+-------------------------------------------
     0 | D:1      | Caestello the Djinni Air Elementalist began the quest for
                  | the Orb.
     0 | D:1      | Caestello set off with the following spells memorised:
                  | Shock, Static Discharge, Swiftness, Airstrike.
     0 | D:1      | Reached XP level 1. HP: 15/15 MP: 0/0
   308 | D:1      | Reached XP level 2. HP: 21/21 MP: 0/0
   886 | D:1      | You are sucked into a shaft and drop 1 floor!
   928 | D:1      | Reached skill level 3 in Spellcasting
  1013 | D:1      | Reached XP level 3. HP: 17/25 MP: 0/0
  1013 | D:1      | Learned a level 1 spell: Foxfire
  2576 | D:2      | Reached XP level 4. HP: 14/31 MP: 0/0
  3114 | D:2      | Identified the +1 ring mail of the Demon Prince {Harm}
  3479 | D:2      | Reached skill level 1 in Fighting
  3628 | D:3      | Found a faded altar of an unknown god.
  4511 | D:4      | Reached XP level 5. HP: 18/37 MP: 0/0
  4511 | D:4      | Learned a level 2 spell: Call Imp
  4727 | D:4      | Found a shadowy altar of Dithmenos.
  4729 | D:4      | Noticed Dowan
  4730 | D:4      | Noticed Duvessa
  4842 | D:4      | Found Zin's Purification Station.
  4844 | D:4      | Found a glowing silver altar of Zin.
  4890 | D:4      | Gained mutation: Armour fits poorly on your strangely
                  | shaped body. [potion of mutation]
  4890 | D:4      | Gained mutation: You are somewhat resistant to further
                  | mutation. [potion of mutation]
  4890 | D:4      | Noticed a black bear
  4892 | D:4      | HP: 1/37 [orc/+0 hand axe (2)]
  4893 | D:4      | Slain by an orc

Illustrated notes

Levels and vault maps discovered:
D:1:      psy_arrival_basics, layout_loops_cross
D:2:      layout_basic
D:3:      layout_basic, ebering_ecumenical_altar_box
D:4:      layout_loops_ring, zin_purify, mainiacjoe_overflow_catch_the_wave,
          minmay_temple_entry_arrows, serial_forest,
          infiniplex_forest_clump_curved, infiniplex_forest_lined_3,
          infiniplex_forest_corner_1, infiniplex_forest_lined_2,
          infiniplex_forest_clump_medium, minmay_box_of_dots, uniq_duvessa

Skill      XL: |  1  2  3  4 |
---------------+-------------+-----
Spellcasting   | 3 |  3.6
Fighting       | 1 |  1.1
Stealth        | 2 |  2.2
Short Blades   | |  0.6
Dodging        | |  2.9

Action                   |  1- 3 |  4- 6 || total
-------------------------+-------+-------++-------
Melee: Spear             |    23 |       ||    23
       Unarmed           |     2 |       ||     2
       Short sword       |    31 |       ||    31
       Dagger            |     8 |    31 ||    39
 Cast: Shock             |    27 |    11 ||    38
       Static Discharge  |     7 |     7 ||    14
       Foxfire           |       |     4 ||     4
  Use: Potion            |       |     6 ||     6
       Scroll            |       |     2 ||     2
 Stab: Sleeping          |     4 |     1 ||     5
       Distracted        |     1 |       ||     1
Armor: Robe              |     8 |     9 ||    17
Dodge: Dodged            |    33 |    28 ||    61

Table legend: (Time is in decaauts)
 A = Elapsed time spent in this place.
 B = Non-inter-level travel time spent in this place.
 C = Inter-level travel time spent in this place.
 D = Time resting spent in this place.
 E = Time spent auto-exploring this place.
 F = Levels seen in this place.
 G = Mean time per level.
                   A        B        C        D        E       F      G
               +--------+--------+--------+--------+--------+-----+--------+
         Total |   4894 |   4676 |    218 |   1439 |   2578 |   4 | 1223.5 |
       Dungeon |   4894 |   4676 |    218 |   1439 |   2578 |   4 | 1223.5 |
               +--------+--------+--------+--------+--------+-----+--------+

Top non-repeatable levels by time:
     D:1: 2048 daAuts
     D:2: 1582 daAuts
     D:3: 788 daAuts
     D:4: 474 daAuts
